 Dungeon Crawl Stone Soup version 0.32-a0-468-g38b2580584 (webtiles) character file.

Game seed: 16377046963878422366

320 olourkin the Chopper (level 6, 0/48 HPs)
             Began as a Mountain Dwarf Reaver on Feb 25, 2024.
             Was an Initiate of Beogh.
             Killed from afar by a white imp (10 damage)
             ... with a puff of frost
             ... on level 5 of the Dungeon.
             The game lasted 00:21:04 (4678 turns).

olourkin the Chopper (Mountain Dwarf Reaver)        Turns: 4678, Time: 00:21:04

Health: 0/48       AC: 12    Str: 17    XL:     6   Next: 22%
Magic:  8/8        EV:  7    Int: 13    God:    Beogh [......]
Gold:   244        SH:  5    Dex:  8    Spells: 7/8 levels left

rFire   . . .        a - +0 hand axe
rCold   . . .        (no shield)
rNeg    . . .        s - +0 chain mail
rPois   .            h - +2 hat
rElec   .            (no cloak)
rCorr   .            m - +0 pair of gloves
SInv    .            (no boots)
Will    .....        x - amulet of reflection Stlth
                     (no ring)
HPRegen 0.28/turn    (no ring)
MPRegen 0.11/turn

%: reflection
@: no status effects
A: runic magic, artefact enchanting
a: Renounce Religion


You were on level 5 of the Dungeon.
You worshipped Beogh.
Beogh was noncommittal.
You visited 1 branch of the dungeon, and saw 5 of its levels.

You collected 244 gold pieces.

Inventory:

Hand Weapons
 a - a +0 hand axe (weapon)
Missiles
 c - 42 stones
 v - 3 javelins (quivered)
Armour
 h - a +2 hat (worn)
 m - a +0 pair of gloves (worn)
 s - a +0 chain mail (worn)
Magical Staves
 r - a staff of cold
Jewellery
 o - an amulet of guardian spirit
 x - an amulet of reflection (around neck)
Scrolls
 b - a scroll of poison {unknown}
 e - 2 scrolls of teleportation {unknown}
 f - 2 scrolls of identify {unknown}
 k - 2 scrolls of vulnerability {unknown}
 n - 2 scrolls of fog {unknown}
 t - 2 scrolls of noise {unknown}
 u - 2 scrolls of enchant weapon {unknown}
Potions
 d - a potion of cancellation {unknown}
 g - 3 potions of curing {unknown}
 i - 2 potions of brilliance {unknown}
 j - a potion of attraction {unknown}
 l - 2 potions of lignification {unknown}
 p - a potion of haste {unknown}
 q - 2 potions of degeneration {unknown}
 w - a potion of magic {unknown}


   Skills:
 - Level 2.1 Fighting
 * Level 7.2 Axes
 + Level 3.7 Armour
 - Level 1.3 Dodging
 - Level 1.7 Spellcasting
 - Level 2.6 Conjurations


You had 7 spell levels left.
You knew the following spells:

 Your Spells              Type           Power      Damage    Failure   Level
y - Kiss of Death         Conj/Necr      16%        2d6       26%         1

Your spell library contained the following spells:

 Spells                   Type           Power      Damage    Failure   Level
 Momentum Strike          Conj/Tloc      8%         3d8       38%         2
 Blink                    Tloc           2%         N/A       56%         2
 Lesser Beckoning         Tloc           2%         N/A       56%         2
 Hailstorm                Conj/Ice       4%         3d5       63%         3


Dungeon Overview and Level Annotations

Branches:
Dungeon (5/15)
 Temple: D:4-7

Altars:
Gozag
Hepliaklqana
Sif Muna
Trog


Innate Abilities, Weirdness & Mutations

Your spellcasting is much less encumbered by armour.
You can use scrolls of enchantment on lesser artefacts.


Message History

The white imp gestures at you. The puff of frost hits you!
The white imp gestures at you.
The puff of frost hits you but does no damage.
You barely miss the white imp. The white imp completely misses you.
You closely miss the white imp. You closely miss the white imp.
The white imp gestures at you. The puff of frost hits you.
You closely miss the white imp.
The white imp hits you but does no damage.
You barely miss the white imp. The white imp barely misses you.
You closely miss the white imp. The white imp gestures at you.
The puff of frost hits you!
You closely miss the white imp. You block the white imp's attack.
You hit the white imp but do no damage. You block the white imp's attack.
You hit the white imp but do no damage.
The white imp hits you but does no damage.
You barely miss the white imp. The white imp gestures at you.
The puff of frost hits you!
* * * LOW HITPOINT WARNING * * *
The white imp attacks as it pursues you!
The white imp barely misses you.
There is a stone staircase leading up here.
You closely miss the white imp.
The white imp hits you but does no damage.
You closely miss the white imp. The white imp gestures at you.
The puff of frost hits you!
* * * LOW HITPOINT WARNING * * *
You hit the white imp.
The white imp is lightly wounded.
The white imp hits you but does no damage.
You hit the white imp but do no damage.
The white imp is lightly wounded.
The white imp gestures at you. The puff of frost hits you!
You die...

#### ....# ##...#
#.....#########
..............###
.... #..........
.#...##.#.###.###
.......@#........
.##.###5#..##.###
#.#..# .......
.#.#.#### #.#.#.#
# #.#.# #.#.#
.....


You could see a white imp.

Vanquished Creatures
  A phantom (D:4)
  2 howler monkeys (D:4)
  A hound (D:4)
  An iguana (D:4)
  2 adders
  A dart slug (D:2)
  3 ribbon worms
  2 orcs (D:2)
  5 bats
  3 endoplasms
  4 giant cockroaches
  12 goblins
  5 hobgoblins
  4 jackals (D:1)
  12 kobolds
  4 quokkas
  11 ball pythons
  5 frilled lizards
  2 rats (D:1)
80 creatures vanquished.

Notes
Turn   | Place    | Note
-------+----------+-------------------------------------------
     0 | D:1      | olourkin the Mountain Dwarf Reaver began the quest for the
                  | Orb.
     0 | D:1      | Reached XP level 1. HP: 17/17 MP: 3/3
   209 | D:1      | Reached skill level 4 in Axes
   275 | D:1      | Reached XP level 2. HP: 24/24 MP: 4/4
   292 | D:1      | Reached skill level 1 in Armour
   904 | D:1      | Reached XP level 3. HP: 29/29 MP: 5/5
  1474 | D:2      | Reached skill level 5 in Axes
  2105 | D:2      | Reached XP level 4. HP: 27/36 MP: 6/6
  2253 | D:2      | Became a worshipper of Beogh the Shepherd
  2732 | D:3      | Found a bloodstained altar of Trog.
  2805 | D:3      | Found a hazy altar of Hepliaklqana.
  3014 | D:3      | Noticed a scorpion
  3347 | D:3      | Found a shimmering blue altar of Sif Muna.
  3484 | D:4      | Noticed a phantom
  3536 | D:4      | Found an opulent altar of Gozag.
  3558 | D:4      | Reached skill level 6 in Axes
  3681 | D:4      | Reached XP level 5. HP: 37/41 MP: 7/7
  3833 | D:4      | Identified the +2 robe of Unreason {Dex+3}
  4449 | D:4      | Noticed a phantom
  4476 | D:4      | Killed a phantom
  4477 | D:4      | Reached skill level 7 in Axes
  4477 | D:4      | Reached XP level 6. HP: 27/48 MP: 8/8
  4649 | D:5      | Entered Level 5 of the Dungeon
  4678 | D:5      | Killed from afar by a white imp

Illustrated notes

Levels and vault maps discovered:
D:1:      matt_arrival_diagonals, layout_basic, minmay_shallow_snake_nest
D:2:      cheibrodos_pilgrimage, layout_loops_corners
D:3:      layout_loops_corners, hellmonk_sif_muna_bookshelves,
          nicolae_hepliaklqana_hippocampus, general_overflow_altar,
          minmay_misc_feat_square, kennysheep_crisscross
D:4:      layout_cave_pods, mainiacjoe_overflow_boulevard
D:5:      layout_loops_ring, amcnicky_altar_gilded,
          mainiacjoe_overflow_alcove_1, minmay_temple_entry_sparse_star

Skill      XL: |  1  2  3  4  5 |
---------------+----------------+-----
Axes           | 4 5 6 7 |  7.2
Armour         | 1 2 3 |  3.7
Fighting       | |  2.1
Dodging        | |  1.3
Spellcasting   | |  1.7
Conjurations   | |  2.6

Action                     |  1- 3 |  4- 6 || total
---------------------------+-------+-------++-------
  Melee: Hand axe          |   182 |   192 ||   374
  Throw: Javelin           |       |     9 ||     9
 Invoke: Convert to Beogh  |       |     1 ||     1
 Armour: Leather armour    |    75 |    12 ||    87
         Chain mail        |       |   113 ||   113
  Dodge: Dodged            |   103 |    43 ||   146
  Block: Other             |       |    19 ||    19

Table legend: (Time is in decaauts)
 A = Elapsed time spent in this place.
 B = Non-inter-level travel time spent in this place.
 C = Inter-level travel time spent in this place.
 D = Time resting spent in this place.
 E = Time spent auto-exploring this place.
 F = Levels seen in this place.
 G = Mean time per level.
                   A        B        C        D        E       F      G
               +--------+--------+--------+--------+--------+-----+--------+
         Total |   4693 |   4483 |    210 |    830 |   2780 |   5 |  938.6 |
       Dungeon |   4693 |   4483 |    210 |    830 |   2780 |   5 |  938.6 |
               +--------+--------+--------+--------+--------+-----+--------+

Top non-repeatable levels by time:
     D:2: 1343 daAuts
     D:1: 1209 daAuts
     D:4: 1138 daAuts
     D:3: 975 daAuts
     D:5: 27 daAuts
